 Dungeon Crawl Stone Soup version 0.28.0 (webtiles) character file.

Game seed: 227748310162017895

842 danielguo94 the Cudgeller (level 8, -13/48 HPs)
             Began as a Gargoyle Fighter on Feb 8, 2022.
             Killed from afar by Dowan (15 damage)
             ... with a stone arrow
             ... on level 5 of the Dungeon.
             The game lasted 00:05:56 (4923 turns).

danielguo94 the Cudgeller (Gargoyle Fighter)        Turns: 4923, Time: 00:05:58

Health: -13/48     AC: 15    Str: 21    XL:     8   Next: 0%
Magic:  8/8        EV:  9    Int: 10    God:
Gold:   220        SH:  4    Dex:  9    Spells: 7/7 levels left

rFire   + . .      SeeInvis .   a - +0 flail
rCold   . . .      Faith    .   c - +0 buckler
rNeg    + . .      Spirit   .   b - +0 scale mail
rPois   ∞          Reflect  .   i - +0 helmet
rElec   +          Harm     .   (no cloak)
rCorr   .          Rampage  .   o - +0 pair of gloves
Will    .....                   (no boots)
Stlth   ..........              (no amulet)
HPRegen 0.16/turn               m - ring of protection from fire
MPRegen 0.11/turn               (no ring)

@: mighty
A: sickness immunity, AC +5, negative energy resistance 1, electricity
resistance, torment resistance 1, petrification resistance
a: no special abilities


You were on level 5 of the Dungeon.
You visited 1 branch of the dungeon, and saw 5 of its levels.
You also visited: Sewer.

You collected 220 gold pieces.

Inventory:

Hand Weapons
 a - a +0 flail (weapon)
Missiles
 e - 181 stones (quivered)
 k - a throwing net
 q - 3 poisoned darts
 s - 2 javelins
 F - 3 boomerangs
Armour
 b - a +0 scale mail (worn)
 c - a +0 buckler (worn)
 i - a +0 helmet (worn)
 o - a +0 pair of gloves (worn)
Jewellery
 m - a ring of protection from fire (left hand)
 C - a ring of ice
 D - a +4 ring of protection
Wands
 u - a wand of iceblast (2)
 G - a wand of polymorph (7)
Scrolls
 g - a scroll of enchant armour
 j - 2 scrolls of magic mapping
 n - a scroll of blinking {unknown}
 r - a scroll of enchant weapon {unknown}
 t - a scroll of holy word {unknown}
 x - 2 scrolls of teleportation {unknown}
 y - a scroll of noise {unknown}
Potions
 d - a potion of might
 f - 2 potions of cancellation
 h - 2 potions of ambrosia {unknown}
 l - 2 potions of brilliance {unknown}
 p - 2 potions of mutation {unknown}
 v - 3 potions of heal wounds {unknown}
 w - a potion of magic {unknown}
 z - a potion of haste {unknown}
 A - a potion of resistance {unknown}


   Skills:
 + Level 4.6 Fighting
 * Level 7.2 Maces & Flails
 + Level 4.7 Armour
 + Level 1.0 Dodging
 + Level 4.2 Shields


You had 7 spell levels left.
You didn't know any spells.
Your spell library was empty.

Dungeon Overview and Level Annotations

Branches:
Dungeon (5/15)              Sewer (visited)
 Temple: D:4-7

Altars:
Fedhas
Zin

Annotations:
D:5 Dowan


Innate Abilities, Weirdness & Mutations

You are immune to sickness and miasma.
Your stone body is resilient. (AC +5)
You are immune to poison.
You resist negative energy. (rN+)
You are resistant to electric shocks. (rElec)
You are resistant to unholy torment.
You are immune to petrification.


Message History

You block Duvessa's attack.
You closely miss Duvessa.
Duvessa is severely wounded.
You block Duvessa's attack. Duvessa hits you but does no damage. x2
You barely miss Duvessa.
Duvessa is severely wounded.
Duvessa hits you but does no damage.
Dowan mumbles some strange words.
Dowan blinks!
Duvessa hits you with a +0 short sword of speed.
* * * LOW HITPOINT WARNING * * *
Unknown command.
You hit Duvessa.
Duvessa is almost dead.
Duvessa closely misses you. Duvessa barely misses you.
You closely miss Duvessa.
Duvessa is almost dead.
Duvessa hits you with a +0 short sword of speed!
* * * LOW HITPOINT WARNING * * *
Duvessa hits you with a +0 short sword of speed.
* * * LOW HITPOINT WARNING * * *
You block Duvessa's attack.
You feel better. You block Duvessa's attack. Duvessa closely misses you.
You hit Duvessa but do no damage.
Duvessa is almost dead.
Duvessa hits you but does no damage.
Duvessa hits you with a +0 short sword of speed.
* * * LOW HITPOINT WARNING * * *
You feel very mighty all of a sudden. Duvessa barely misses you.
Duvessa hits you with a +0 short sword of speed!
* * * LOW HITPOINT WARNING * * *
Duvessa barely misses you.
You thump Duvessa!
You kill Duvessa!
Dowan screams, "No!
Oh no!"
Dowan seems to find hidden reserves of power!
Dowan casts a spell at you. The stone arrow hits you!
You die...

./. ..... ...#. ...
.......... ..) #.Y#....# ..e
#.......# ..e #.<#
...######### #..#
...........# #####.##
#........# #...e..#).#
..#........### #@###..#..#
#............###)###..#..###
###........#e.........#....#
≈##........#..##.####.#..#.#
P)#........#.......##.#..#.#
.≈#........#...#.#.##.#..#.#
≈≈##########.#.#.#.#)....#.#
.# #.#...#.####.##.# ##
#.#.###.#.......#


You could see Dowan (fast).

Vanquished Creatures
  2 steam dragons (D:5)
  Duvessa (D:5)
  A black bear (D:5)
  A jelly (D:3)
  2 hounds
  2 bullfrog skeletons (D:5)
  Jessica (D:2)
  An iguana (D:4)
  An orc wizard (D:5)
  11 adders
  5 river rats (Sewer)
  An adder skeleton (D:4)
  4 worms
  A dart slug (D:1)
  5 orcs
  13 ball pythons
  7 bats
  3 endoplasms (D:3)
  6 giant cockroaches
  7 hobgoblins
  3 jackals (D:2)
  5 quokkas
  8 frilled lizards
  5 goblins
  9 kobolds
  10 rats
115 creatures vanquished.

Vanquished Creatures (others)
  An orc wizard (D:5)
  2 fungi (D:5)
3 creatures vanquished.

Grand Total: 118 creatures vanquished

Notes
Turn   | Place    | Note
-------+----------+-------------------------------------------
     0 | D:1      | danielguo94 the Gargoyle Fighter began the quest for the
                  | Orb.
     0 | D:1      | Reached XP level 1. HP: 14/14 MP: 1/1
   297 | D:1      | Reached XP level 2. HP: 19/19 MP: 2/2
   421 | D:1      | Found a faded altar of an unknown god.
  1052 | D:2      | Reached XP level 3. HP: 21/23 MP: 3/3
  1211 | D:2      | Found a blossoming altar of Fedhas.
  1240 | D:2      | Reached skill level 3 in Maces & Flails
  1429 | D:2      | Reached XP level 4. HP: 29/29 MP: 4/4
  1648 | D:2      | Noticed Jessica
  1653 | D:2      | Killed Jessica
  1846 | D:3      | Reached XP level 5. HP: 30/33 MP: 5/5
  2364 | D:3      | Reached skill level 4 in Maces & Flails
  2964 | D:4      | Found a glowing silver altar of Zin.
  3163 | D:4      | Found a glowing drain.
  3196 | D:4      | Reached XP level 6. HP: 33/38 MP: 6/6
  3231 | Sewer    | Entered a sewer
  3442 | Sewer    | Reached skill level 5 in Maces & Flails
  4302 | D:5      | Entered Level 5 of the Dungeon
  4302 | D:5      | Noticed an ice beast
  4349 | D:5      | Noticed a black bear
  4366 | D:5      | Killed a black bear
  4367 | D:5      | Reached skill level 6 in Maces & Flails
  4367 | D:5      | Reached XP level 7. HP: 36/43 MP: 7/7
  4430 | D:5      | Noticed a steam dragon
  4431 | D:5      | Noticed a steam dragon
  4443 | D:5      | Killed a steam dragon
  4455 | D:5      | Killed a steam dragon
  4456 | D:5      | Reached skill level 7 in Maces & Flails
  4456 | D:5      | Reached skill level 1 in Dodging
  4884 | D:5      | Reached XP level 8. HP: 48/48 MP: 8/8
  4891 | D:5      | Noticed Dowan
  4896 | D:5      | Noticed Duvessa
  4919 | D:5      | HP: 2/48 [Duvessa (1)]
  4923 | D:5      | Killed Duvessa
  4923 | D:5      | Killed from afar by Dowan

Illustrated notes

Levels and vault maps discovered:
D:1:      sevenhm_arrival_forest_fort_large_2, layout_loops_ring,
          shapermc_ecumenical_altar_ellora, st_stairs_2
D:2:      layout_basic, serial_glass, glass_columns_c, glass_columns_c,
          basic_altar, uniq_jessica
D:3:      kb_forest_paths, layout_basic
D:4:      layout_basic, kennysheep_mini_moat, gup_sewer_entry_bubbles,
          supply_closet_lemuel
D:5:      kennysheep_steamy, layout_basic, uniq_grinder, uniq_duvessa,
          uniq_blork_the_orc

Skill      XL: |  1  2  3  4  5  6  7 |
---------------+----------------------+-----
Maces & Flails | 3 4 6 7 |  7.2
Armour         | 4 |  4.7
Fighting       | 4 |  4.6
Shields        | 4 |  4.2
Dodging        | 1 |  1.0

Action                   |  1- 3 |  4- 6 |  7- 9 || total
-------------------------+-------+-------+-------++-------
Melee: Flail             |   128 |   333 |    74 ||   535
  Use: Scroll            |       |     4 |       ||     4
       Potion            |       |       |     3 ||     3
Armor: Scale mail        |    55 |   171 |    53 ||   279
Dodge: Dodged            |    75 |   152 |    32 ||   259
Block: Buckler           |    28 |    76 |    18 ||   122
